 Dungeon Crawl Stone Soup version 0.30-a0-177-g1cb5dbfd7a (webtiles) character file.

Game seed: 1798377930620592915

26 blackman the Ducker (level 2, 0/24 HPs)
             Began as a Demigod Wanderer on Oct 3, 2022.
             Succumbed to a goblin's poison
             ... on level 1 of the Dungeon.
             The game lasted 00:01:33 (644 turns).

blackman the Ducker (Demigod Wanderer)               Turns: 644, Time: 00:01:33

Health: 0/24       AC:  8    Str: 10    XL:     2   Next: 69%
Magic:  4/4        EV:  1    Int: 12    God:
Gold:   40         SH: 13    Dex: 18    Spells: 1/1 levels left

rFire   . . .      SeeInvis .    a - +0 short sword
rCold   . . .      Faith    .    g - +0 tower shield
rNeg    . . .      Spirit   .    l - +0 chain mail
rPois   .          Reflect  .    (no helmet)
rElec   .          Harm     .    (no cloak)
rCorr   .          Rampage  .    (no gloves)
Will    .....                    (no boots)
Stlth   ..........               (no amulet)
HPRegen 0.24/turn                (no ring)
MPRegen 0.09/turn                (no ring)

@: lethally poisoned (0 -> -2), hasted, very quick
A: high MP 1, forlorn, divine attributes
a: no special abilities


You were on level 1 of the Dungeon.
You visited 1 branch of the dungeon, and saw 1 of its levels.

You collected 40 gold pieces.

Inventory:

Hand Weapons
 a - a +0 short sword (weapon)
Missiles
 b - 3 throwing nets (quivered)
Armour
 c - a +0 leather armour
 d - a +0 buckler
 g - a +0 tower shield (worn)
 j - a +0 plate armour
 l - a +0 chain mail (worn)
Jewellery
 f - a ring of willpower
Scrolls
 e - a scroll of silence
 h - a scroll of blinking {unknown}
 k - a scroll of amnesia {unknown}
 m - a scroll of noise {unknown}


   Skills:
 - Level 1.7 Fighting
 - Level 1.7(2.0) Short Blades
 - Level 1.0(1.5) Long Blades
 - Level 4.5 Dodging
 * Level 2.3 Shields


You had one spell level left.
You didn't know any spells.
Your spell library was empty.

Dungeon Overview and Level Annotations

Branches:
Dungeon (1/15)


Innate Abilities, Weirdness & Mutations

You have an increased reservoir of magic. (+10% MP)
You shall have no god before yourself.
Your divine heritage dramatically boosts your attributes as you level up.


Message History

You feel very sick. The goblin hits you but does no damage.
You are more poisoned.
You hit the goblin.
You kill the goblin!
You feel very sick.
You feel very sick. You block the goblin's attack.
You see here a ball python corpse.
You are too injured to fight recklessly!
You are too injured to fight recklessly!
You are too injured to fight recklessly!
You are too injured to fight recklessly!
You are too injured to fight recklessly!
You are too injured to fight recklessly!
You are too injured to fight recklessly!
You hit the goblin.
The goblin is severely wounded.
You feel very sick. The goblin hits you with a +0 dagger.
* * * LOW HITPOINT WARNING * * *
You closely miss the goblin.
The goblin is severely wounded.
* * * LOW HITPOINT WARNING * * *
You feel sick. The goblin hits you with a +0 dagger.
* * * LOW HITPOINT WARNING * * *
You miss the goblin.
The goblin is severely wounded.
* * * LOW HITPOINT WARNING * * *
You feel sick. You block the goblin's attack.
The goblin hits you but does no damage.
It was a potion of haste.
You feel yourself speed up.
* * * LOW HITPOINT WARNING * * *
You feel sick. You block the goblin's attack.
Throw: 4 throwing nets
Press: ? - help, Shift-Dir - straight line, f - goblin
Aim: a goblin, wielding a +0 dagger (severely wounded, 53% to hit)
You throw a throwing net.
The throwing net barely misses the goblin.
You die...

############ #####
#......)....
#...###.##########
#.#..#..# ######
#.##.#.## ##.....
#?##.).# ##..####
#.##..## ##..##
##.##..####..##
##)@#........####
#.g...##..###...##
#.#.##....##.....#
...#.##.##....#####
#(..#.##.####..# #
#.. (.##..# #..# ##
#.. #####.####.#
##. #. #..##..#
###†.
##.....###..).


You could see a goblin.

Vanquished Creatures
  2 dart slugs (D:1)
  2 ball pythons (D:1)
  An endoplasm (D:1)
  2 goblins (D:1)
  3 hobgoblins (D:1)
  4 kobolds (D:1)
  3 bats (D:1)
  A frilled lizard (D:1)
  4 rats (D:1)
22 creatures vanquished.

Notes
Turn   | Place    | Note
-------+----------+-------------------------------------------
     0 | D:1      | blackman the Demigod Wanderer began the quest for the Orb.
     0 | D:1      | blackman set off with the following items: a +0 short
                  | sword, 3 throwing nets, a +0 leather armour, a +0 buckler,
                  | a scroll of silence.
     0 | D:1      | Reached XP level 1. HP: 17/17 MP: 3/3
    80 | D:1      | Reached skill level 1 in Long Blades
   255 | D:1      | Reached XP level 2. HP: 23/24 MP: 4/4
   643 | D:1      | HP: 1/24 [poisoned by a goblin]
   644 | D:1      | Succumbed to a goblin's poison

Illustrated notes

Levels and vault maps discovered:
D:1:      dpeg_arrival_windows_large_door, layout_rooms, serial_curves,
          eino_curves_02, eino_curves_03, basic_ecumenical_altar

Skill      XL: |  1  2 |
---------------+-------+-----
Long Blades    | 1 |  1.0
Shields        | 2 |  2.3
Fighting       | |  1.7
Short Blades   | |  1.7
Dodging        | |  4.5

Action                   || total
-------------------------++-------
Melee: Short sword       ||    72
Throw: Throwing net      ||     1
  Use: Scroll            ||     1
       Potion            ||     1
 Stab: Sleeping          ||     1
Armor: Leather armour    ||     3
       Chain mail        ||    17
       Plate armour      ||     4
Dodge: Dodged            ||    11
Block: Tower shield      ||    42
       Buckler           ||     3

Table legend: (Time is in decaauts)
 A = Elapsed time spent in this place.
 B = Non-inter-level travel time spent in this place.
 C = Inter-level travel time spent in this place.
 D = Time resting spent in this place.
 E = Time spent auto-exploring this place.
 F = Levels seen in this place.
 G = Mean time per level.
                   A        B        C        D        E       F      G
               +--------+--------+--------+--------+--------+-----+--------+
         Total |    662 |    613 |     49 |      0 |    402 |   1 |  662.0 |
       Dungeon |    662 |    613 |     49 |      0 |    402 |   1 |  662.0 |
               +--------+--------+--------+--------+--------+-----+--------+

Top non-repeatable levels by time:
     D:1: 662 daAuts
